 Dungeon Crawl Stone Soup version 0.28.0-43-g3370ac3207 (webtiles) character file.

Game seed: 14721397252033198913

3682 FrostSilk the Cleaver (level 10, -1/90 HPs)
             Began as a Hill Orc Monk on Mar 15, 2022.
             Slain by a vampire (6 damage)
             ... on level 12 of the Dungeon.
             The game lasted 00:58:23 (11331 turns).

FrostSilk the Cleaver (Hill Orc Monk)              Turns: 11331, Time: 00:58:24

Health: -1/90      AC: 19    Str: 19    XL:     10   Next: 13%
Magic:  10/10      EV:  5    Int: 10    God:
Gold:   354        SH: 19    Dex: 13    Spells: 8/9 levels left

rFire   + . .      SeeInvis .   B - +3 war axe
rCold   + . .      Faith    .   D - +0 tower shield
rNeg    + . .      Spirit   .   v - +0 chain mail
rPois   +          Reflect  +   g - +1 helmet
rElec   +          Harm     .   r - +0 cloak
rCorr   +          Rampage  .   t - +0 pair of gloves
Will    .....                   (no boots)
Stlth   ..........              j - amulet of reflection
HPRegen 0.25/turn               e - +4 ring of protection
MPRegen 0.12/turn               b - ring of positive energy

@: resistant
A: no striking features
a: no special abilities


You were on level 12 of the Dungeon.
You visited 1 branch of the dungeon, and saw 10 of its levels.
You also visited: Sewer and Bailey.

You collected 354 gold pieces.

Inventory:

Hand Weapons
 a - a +1 hand axe
 p - a +5 great sword
 s - a +4 mace
 B - a +3 war axe (weapon)
Missiles
 h - 8 boomerangs
 i - 6 poisoned darts (quivered)
 y - a throwing net
Armour
 g - a +1 helmet (worn)
 q - a +0 buckler
 r - a +0 cloak (worn)
 t - a +0 pair of gloves (worn)
 v - a +0 chain mail (worn)
 D - a +0 tower shield (worn)
Jewellery
 b - a ring of positive energy (right hand)
 e - a +4 ring of protection (left hand)
 j - an amulet of reflection (around neck)
Wands
 f - a wand of charming (5)
Scrolls
 d - 3 scrolls of teleportation
 m - a scroll of fear
 o - 2 scrolls of amnesia
 C - a scroll of vulnerability
Potions
 c - a potion of flight
 k - a potion of lignification
 l - a potion of degeneration {unknown}
 n - 2 potions of ambrosia {unknown}
 x - a potion of haste {unknown}
 z - 5 potions of cancellation
 A - a potion of brilliance {unknown}


   Skills:
 + Level 8.6 Fighting
 * Level 12.5 Axes
 + Level 6.8 Armour
 - Level 2.6 Dodging
 - Level 2.0 Stealth
 + Level 6.0 Shields


You had 8 spell levels left.
You knew the following spells:

 Your Spells              Type           Power      Damage    Failure   Level
a - Freeze                Ice            0%         1d3       100%        1

Your spell library contained the following spells:

 Spells                   Type           Power      Damage    Failure   Level
 Pain                     Necr           0%         1d4       100%        1
 Static Discharge         Conj/Air       0%         N/A       100%        2
 Frozen Ramparts          Ice            0%         1d2       100%        3
 Dispel Undead            Necr           0%         3d6       100%        4
 Hailstorm                Conj/Ice       0%         3d3       100%        4
 Sticky Flame             Conj/Fire      0%         2d3       100%        4
 Agony                    Necr           0%         N/A       100%        5
 Excruciating Wounds      Necr           0%         N/A       100%        5


Dungeon Overview and Level Annotations

Branches:
Dungeon (12/15)             Sewer (visited)          Bailey (visited)
 Temple: D:4-7         Lair: D:8-11         Orc: D:9-12

Altars:
Elyvilon
Okawaru
Ru
The Shining One


Message History

Something bites you!
* * * LOW HITPOINT WARNING * * *
Something draws strength from your injuries!
Something hits you but does no damage. Something bites you but does no damage.
The orc wizard points at you and mumbles some strange words.
You are more confused.
Something hits you but does no damage. Something bites you but does no damage.
Found a ruby-encrusted leather armour.
Found 24 stones.
You're too confused to move!
Something hits you but does no damage. Something bites you but does no damage.
The orc wizard casts a spell at you.
The puff of flame hits something but does no damage.
There is a stone staircase leading down here.
Something draws life force from you!
* * * LOW HITPOINT WARNING * * *
In your confused state, you trip and fall down the stairs.
* * * LOW HITPOINT WARNING * * *
You climb downwards.
Reactivating autopickup.
There is a stone staircase leading up here.
Found a long sword.
You're too confused to move!
Something hits you but does no damage.
Deactivating autopickup; reactivate with Ctrl-A.
Something bites you.
* * * LOW HITPOINT WARNING * * *
Something draws strength from your injuries!
It was a potion of resistance.
You feel protected.
You feel less confused. Something hits you.
* * * LOW HITPOINT WARNING * * *
Something bites you but does no damage.
You miss something. Something hits you but does no damage. Something bites you.
* * * LOW HITPOINT WARNING * * *
Something draws strength from your injuries!
You completely miss something.
A vampire appears from thin air!
Reactivating autopickup.
The vampire hits you but does no damage.
You block the vampire's attack. The vampire hits you.
You die...

#######
#.....#
#.....#
#.<...#
#@V...#
............#
###.........#
#.......###
#.......#
#.......#
#.......#
....)...#


You could see a vampire.

Vanquished Creatures
  2 two-headed ogres (D:10)
  A wraith (D:10)
  A steam dragon (D:6)
  A water moccasin (D:6)
  Duvessa (D:5)
  An ice beast (D:5)
  A sky beast (D:7)
  2 ogres (Bailey)
  A centaur (D:11)
  2 phantoms (D:6)
  A bullfrog (D:4)
  2 kobold brigands
  2 scorpions (D:6)
  A water moccasin zombie (D:5)
  Dowan (D:5)
  10 wights
  2 jellies
  A bullfrog zombie (D:6)
  A hound (D:5)
  A centaur skeleton (D:6)
  2 iguanas
  An orc wizard (D:7)
  A hound skeleton (D:4)
  A howler monkey zombie (D:6)
  Robin (D:2)
  10 gnolls
  6 adders
  A shadow imp (D:5)
  A white imp (D:6)
  2 worms (D:5)
  5 dart slugs
  8 orcs
  5 ball pythons
  5 endoplasms
  4 giant cockroaches
  12 goblins
  14 hobgoblins
  16 kobolds
  5 quokkas
  10 bats
  4 frilled lizards
  A goblin skeleton (D:6)
  2 goblin zombies (D:6)
  2 kobold skeletons (D:6)
  2 kobold zombies (D:6)
  An orc zombie (D:6)
  7 rats
164 creatures vanquished.

Vanquished Creatures (collateral kills)
  A wight (D:6)
  A goblin (D:4)
2 creatures vanquished.

Vanquished Creatures (others)
  A cyclops (D:6)
1 creature vanquished.

Grand Total: 167 creatures vanquished

Notes
Turn   | Place    | Note
-------+----------+-------------------------------------------
     0 | D:1      | FrostSilk the Hill Orc Monk began the quest for the Orb.
     0 | D:1      | Reached XP level 1. HP: 19/19 MP: 1/1
   304 | D:1      | Reached XP level 2. HP: 24/27 MP: 2/2
   832 | D:1      | Found a faded altar of an unknown god.
  1414 | D:2      | Reached XP level 3. HP: 31/33 MP: 3/3
  2121 | D:2      | Reached skill level 5 in Axes
  2238 | D:2      | Learned a level 1 spell: Freeze
  2684 | D:4      | Reached skill level 1 in Armour
  2684 | D:4      | Reached XP level 4. HP: 31/40 MP: 4/4
  3077 | D:3      | Noticed Robin
  3533 | D:3      | Reached XP level 5. HP: 25/47 MP: 5/5
  3836 | D:2      | Killed Robin
  4011 | D:3      | Found a faded altar of an unknown god.
  4032 | D:3      | Found a white marble altar of Elyvilon.
  4083 | D:3      | Reached skill level 6 in Axes
  4165 | D:3      | Noticed a kobold brigand
  4413 | D:3      | Killed a kobold brigand
  4694 | D:3      | Reached XP level 6. HP: 50/55 MP: 6/6
  4859 | D:5      | Entered Level 5 of the Dungeon
  4905 | D:4      | Reached skill level 5 in Fighting
  5288 | D:4      | Reached skill level 7 in Axes
  6063 | D:5      | Found an iron altar of Okawaru.
  6066 | D:5      | Noticed an ice beast
  6082 | D:5      | Killed an ice beast
  6083 | D:5      | Reached skill level 1 in Shields
  6083 | D:5      | Reached XP level 7. HP: 61/61 MP: 7/7
  6334 | D:5      | Found a sacrificial altar of Ru.
  6885 | D:5      | Noticed Dowan
  6886 | D:5      | Noticed Duvessa
  6909 | D:5      | Killed Duvessa
  6910 | D:5      | Reached skill level 8 in Axes
  6930 | D:5      | Killed Dowan
  7597 | D:6      | Reached XP level 8. HP: 63/70 MP: 8/8
  7599 | D:6      | Found a glowing golden altar of the Shining One.
  7803 | D:6      | Found a glowing drain.
  7807 | Sewer    | Entered a sewer
  7944 | Sewer    | Reached skill level 9 in Axes
  9078 | D:6      | Noticed a cyclops
  9092 | D:6      | Reached skill level 10 in Axes
  9092 | D:6      | Reached skill level 5 in Armour
  9104 | D:6      | Reached XP level 9. HP: 61/79 MP: 9/9
  9732 | D:7      | You fall into a shaft and drop 3 floors!
  9732 | D:10     | Entered Level 10 of the Dungeon
  9806 | D:10     | Noticed a two-headed ogre
  9832 | D:10     | Killed a two-headed ogre
  9833 | D:10     | Reached skill level 11 in Axes
  9833 | D:10     | Reached skill level 5 in Shields
 10115 | D:10     | Found a flagged portal.
 10131 | Bailey   | Entered a bailey
 10590 | D:10     | Noticed a two-headed ogre
 10621 | D:10     | Killed a two-headed ogre
 10622 | D:10     | Reached skill level 12 in Axes
 10622 | D:10     | Reached XP level 10. HP: 55/90 MP: 10/10
 11331 | D:12     | Slain by a vampire

Illustrated notes

Levels and vault maps discovered:
D:1:      erik_arrival_cave_to_civilisation [erik_arrival_cave_to_temple],
          layout_loops_ring, chequers_ecumenical_altar_grove,
          wad_floor_pattern_2
D:2:      layout_loops_corners
D:3:      layout_loops_cross, nicolae_overflow_ecumenical_swirl, uniq_robin
D:4:      layout_rooms, serial_co_window_serial, co_window_paths_a,
          co_window_corner_a, co_window_paths_a, co_window_paths_a,
          co_window_paths_a, co_window_paths_c, co_window_cross_4,
          co_window_corner_b, grunt_decor_junction
D:5:      layout_layer_cave, old_standard_altar, okawaru_ov_weapons_minmay,
          uniq_duvessa
D:6:      layout_cave_pods, nicolae_tso_besieged_by_evil, gup_sewer_entry_bowl
D:7:      layout_loops_ring, trog_three_pillars_becter,
          nemelex_diamond_rough_becter, minmay_temple_entry_metal_lava
D:10:     layout_small_grid, nzn_wu_jian_contemplation, enter_bailey_2
D:11:     layout_long_grid, lair_entry_dummy, ebering_ghost_inner_flame,
          uniq_erolcha
D:12:     layout_irregular_city, zombieorc1_lemuel, zin_purify

Skill      XL: |  1  2  3  4  5  6  7  8  9 10 |
---------------+-------------------------------+-----
Stealth        | 2 |  2.0
Fighting       | 4 5 6 7 8 |  8.6
Axes           | 5 6 7 8 10 12 | 12.5
Armour         | 1 2 3 5 6 |  6.8
Shields        | 1 2 4 5 6 |  6.0
Dodging        | |  2.6

Action                   |  1- 3 |  4- 6 |  7- 9 | 10-12 || total
-------------------------+-------+-------+-------+-------++-------
Melee: Hand axe          |   144 |   153 |   376 |    19 ||   692
       Punch             |     2 |     3 |       |       ||     5
       War axe           |       |       |       |    29 ||    29
Throw: Boomerang         |     5 |    45 |       |       ||    50
       Throwing net      |       |       |     1 |       ||     1
       Dart              |       |       |    24 |       ||    24
 Cast: Freeze            |     2 |     1 |       |       ||     3
Evoke: Wand              |       |    11 |    20 |       ||    31
  Use: Scroll            |     7 |     3 |     4 |     1 ||    15
       Potion            |       |     1 |     4 |     2 ||     7
 Stab: Sleeping          |     4 |       |       |       ||     4
Armor: Robe              |    44 |    28 |       |       ||    72
       Ring mail         |       |    12 |       |       ||    12
       Leather armour    |       |     9 |     1 |       ||    10
       Scale mail        |       |     4 |       |       ||     4
       Chain mail        |       |       |   151 |    34 ||   185
Dodge: Dodged            |    96 |    90 |    85 |     9 ||   280
Block: Other             |       |    10 |       |       ||    10
       Buckler           |       |    12 |   141 |     7 ||   160
       Reflection        |       |       |     3 |       ||     3
       Tower shield      |       |       |       |    24 ||    24
